 Dungeon Crawl Stone Soup version 0.21-a0-437-ge5bf024 (webtiles) character file.

50283 kae the Severer (level 14, -2/127 HPs)
             Began as a Hill Orc Fighter on Nov 9, 2017.
             Was a High Priest of Okawaru.
             Killed from afar by a lindwurm (19 damage)
             ... with a blast of flame
             ... on level 6 of the Lair of Beasts.
             The game lasted 00:26:58 (21625 turns).

kae the Severer (Hill Orc Fighter)                 Turns: 21625, Time: 00:26:59

Health: -2/127     AC: 26    Str: 27    XL:     14   Next: 54%
Magic:  22/22      EV: 10    Int:  8    God:    Okawaru [*****.]
Gold:   994        SH:  3    Dex: 10    Spells: 13/13 levels left

rFire    . . .     SeeInvis .   E - +1 broad axe "Eviscerator" {chop, +Fly rPois}
rCold    . . .     Gourm    .   (no shield)
rNeg     . . .     Faith    .   b - +0 scale mail
rPois    +         Spirit   .   (no helmet)
rElec    .         Reflect  +   B - +1 cloak {rPois}
rCorr    .         Harm     .   N - +2 pair of gloves {Str+3}
MR       +....                  G - +2 pair of boots
Stlth    ..........             J - +3 amulet of reflection
HPRegen  0.31/turn              y - +4 ring of protection
MPRegen  0.18/turn              M - +4 ring of protection

@: no status effects
A: no striking features
a: Heroism, Finesse, Renounce Religion, Evoke Flight


You were on level 6 of the Lair of Beasts.
You worshipped Okawaru.
Okawaru was extremely pleased with you.
You were near starving.

You visited 3 branches of the dungeon, and saw 18 of its levels.
You also visited: Volcano.

You collected 994 gold pieces.

Inventory:

Hand Weapons
 j - a +4 broad axe of venom
 E - the +1 broad axe "Eviscerator" (weapon) {chop, +Fly rPois}
   (Okawaru gifted it to you on level 4 of the Lair of Beasts)

   It inflicts extra damage upon your enemies.
   It protects you from poison.
   It lets you fly.
 S - a +1 battleaxe of chopping
Armour
 b - a +0 scale mail (worn)
 B - a +1 cloak of poison resistance (worn)
 G - a +2 pair of boots (worn)
 N - a +2 pair of gloves of strength (worn)
Jewellery
 a - the ring "Durobi" {+Blink rF- MR+ Stlth+}
   (You found it on level 11 of the Dungeon)

   [ring of protection from magic]

   It makes you vulnerable to fire.
   It affects your resistance to hostile enchantments.
   It lets you blink.
   It makes you more stealthy.
 t - an uncursed ring of protection from cold
 w - an uncursed ring of protection from magic
 x - an uncursed ring of positive energy
 y - a +4 ring of protection (left hand)
 D - an uncursed ring of see invisible
 J - a +3 amulet of reflection (around neck)
 M - a +4 ring of protection (right hand)
 P - an uncursed ring of poison resistance
 W - the ring of Yfafrex {Ice rElec rPois MP+9 Stlth-}
   (You found it on level 2 of the Lair of Beasts)

   [ring of ice]

   It enhances your ice magic.
   It makes you vulnerable to fire.
   It protects you from cold.
   It insulates you from electricity.
   It protects you from poison.
   It affects your magic capacity (+9).
   It makes you less stealthy.
Wands
 n - a wand of polymorph (6/24)
 q - a wand of confusion (19/48)
 H - a wand of lightning (2/15)
 K - a wand of paralysis (6/24)
 Q - a wand of confusion (32/48)
 R - a wand of flame (10/48)
 U - a wand of flame (31/48)
 V - a wand of flame (16/48)
Scrolls
 c - a scroll of silence
 e - 9 scrolls of remove curse
 l - 2 scrolls of recharging
 s - 8 scrolls of amnesia
 v - 2 scrolls of teleportation
 F - 3 scrolls of enchant weapon
 O - a scroll of fear
 Y - a scroll of fog
 Z - a scroll of enchant armour
Potions
 d - 3 potions of might
 g - a potion of invisibility
 i - 8 potions of curing
 k - 3 potions of lignification
 m - 4 potions of flight
 p - 3 potions of cancellation
 r - 3 potions of heal wounds
 z - 2 potions of brilliance
 A - 2 potions of agility {unknown}
 C - 2 potions of haste
 L - a potion of mutation
 T - 2 potions of resistance {unknown}
 X - a potion of ambrosia
Comestibles
 f - 7 bread rations
 h - 23 fruits
 u - 10 meat rations
 I - 7 royal jellies


   Skills:
 + Level 12.4 Fighting
 * Level 17.6 Axes
 + Level 11.5 Armour
   Level 8.7 Shields
 + Level 11.9 Invocations
 + Level 9.3 Evocations


You had 13 spell levels left.
You didn't know any spells.

Dungeon Overview and Level Annotations

Branches:
Dungeon (11/15)            Temple (1/1) D:4            Lair (6/6) D:11
  Swamp (0/4) Lair:4        Snake (0/4) Lair:4        Slime (0/5) Lair:5
    Orc (0/2) D:11

Altars:
Ashenzari
Cheibriados
Dithmenos
Elyvilon
Fedhas
Gozag
Hepliaklqana
Kikubaaqudgha
Makhleb
Nemelex Xobeh
Okawaru
Qazlal
Ru
Sif Muna
Trog
Uskayaw
Vehumet
Wu Jian
Xom
Yredelemnul
Zin
The Shining One


Message History

The blast of flame misses you.
There is a collapsed entrance here.
Evoke which item? (* to show all) (? for menu, Esc to quit)
Aiming: Lightning Bolt
Press: ? - help, Shift-Dir - straight line, f/p - lindwurm
Aim: a lindwurm (black smoke, catching its breath)
You hear a mighty clap of thunder!
The bolt of lightning hits the lindwurm.
The lindwurm is moderately wounded.
This wand has 2 charges left.
You hear a bellow! x2; You hear a trumpeting! x2
Evoke which item? (* to show all) (? for menu, Esc to quit)
Aiming: Lightning Bolt
Press: ? - help, Shift-Dir - straight line, f/p - lindwurm
Aim: a lindwurm (moderately wounded, catching its breath)
Okay, then.
Unknown command.
The lindwurm breathes flames at you. The blast of flame hits you!
You die...

........#.#.....# *,,,,,...
♣♣♣♣♣♣♣...÷###### ### ******...
♣...## ####.#########..
♣...########....../.#...#..
♣...##§§....§.≈≈≈≈.§..#....
*♣♣♣♣♣♣...##≈§≈k.≈§§§..≈≈≈≈≈#....
,.......#.##§§≈≈§≈§...."l§".#....
,*###.P.÷####......########...#..
*.8.#.##..######@### #########..
,....###...### ########..#####...
8.<.8........### #...............
,..............# ###...######..#.
*...##........## #...## #..#.
*..,*####..#########....# ####.
,,,..##......#..##P..†.## *,*.
*,,,#......##.#........#*******,.
,,,,#.#.......+............,,,,,,


You could see a lindwurm.

Vanquished Creatures
  An ettin (Lair:4)
  A great orb of eyes (Lair:6)
  Fannar (D:11)
  A hydra (D:11)
  3 two-headed ogres
  A queen ant (Lair:5)
  12 death yaks
  Urug (D:10)
  Nergalle (D:10)
  The ghost of Autsider the Destroyer, a novice DrCj of Vehumet (D:8)
  The ghost of Soeti the Ruffian, a novice VSFi of Cheibriados (D:7)
  A wolf spider zombie (D:7)
  2 ugly things (D:11)
  2 oklob plants (Lair:2)
  A toenail golem (Volcano)
  7 elephants
  A molten gargoyle (Volcano)
  8 black mambas
  2 centaur zombies (D:7)
  12 spiny frogs
  4 rime drakes
  2 centaur skeletons
  12 komodo dragons
  2 efreet (Volcano)
  2 hellwings (D:7)
  A tyrant leech (Lair:6)
  2 polar bears
  Grinder (D:3)
  5 hippogriffs
  8 blink frogs
  A spriggan (D:6)
  Eustachio (D:4)
  Sigmund (D:3)
  4 fire elementals (Volcano)
  14 yaks
  3 basilisks
  A wraith (D:11)
  A wyvern (Lair:3)
  Grum (D:10)
  2 hungry ghosts
  18 water moccasins
  10 porcupines
  2 orc warriors
  2 black bears
  A necrophage (D:11)
  3 sky beasts
  A phantom (D:10)
  An ice beast (D:10)
  A hornet zombie (D:7)
  8 wolves
  6 centaurs
  7 ogres
  16 crocodiles
  3 big kobolds
  12 bullfrogs
  A wyvern zombie (D:7)
  2 earth elementals (Volcano)
  A scorpion (D:10)
  11 killer bees
  6 howler monkeys
  3 electric eels (Lair:4)
  3 wights (D:11)
  6 crimson imps
  2 bullfrog zombies
  4 hounds
  2 jellies (D:6)
  Crazy Yiuf (D:3)
  9 orc priests
  3 bullfrog skeletons
  7 iguanas
  Natasha (thrice) (D:2 D:1)
  15 orc wizards
  8 worker ants
  A hound zombie (D:8)
  A howler monkey zombie (D:5)
  4 gnolls (D:5)
  19 adders
  8 shadow imps
  2 oozes
  2 worms (D:2)
  4 leopard geckos
  39 orcs
  11 bats
  11 giant cockroaches
  8 goblins
  4 hobgoblins
  21 jackals
  5 quokkas
  2 ball pythons
  7 frilled lizards
  A jackal skeleton (D:5)
  19 kobolds
  A leopard gecko skeleton (D:8)
  22 rats
  A spectral orc (D:3)
  3 fungi
  3 plants
505 creatures vanquished.

Vanquished Creatures (others)
  An orc wizard (D:5)
  6 fungi
  7 plants
14 creatures vanquished.

Grand Total: 519 creatures vanquished

Notes
Turn   | Place    | Note
-------+----------+-------------------------------------------
     0 | D:1      | kae the Hill Orc Fighter began the quest for the Orb.
     0 | D:1      | Reached XP level 1. HP: 19/19 MP: 1/1
    70 | D:1      | Reached skill level 3 in Axes
   109 | D:1      | Reached XP level 2. HP: 24/27 MP: 2/2
   504 | D:1      | Reached XP level 3. HP: 33/33 MP: 3/3
  1154 | D:2      | Reached skill level 4 in Axes
  1242 | D:2      | Reached XP level 4. HP: 32/40 MP: 4/4
  1393 | D:2      | Noticed a moth of wrath
  1396 | D:2      | Found a bloodstained altar of Trog.
  1628 | D:2      | Noticed Natasha
  1643 | D:2      | Killed Natasha
  1928 | D:2      | Reached XP level 5. HP: 41/47 MP: 5/5
  2046 | D:2      | Noticed Natasha
  2076 | D:1      | Killed Natasha
  2076 | D:1      | Reached skill level 5 in Axes
  2232 | D:1      | Noticed Natasha
  2384 | D:1      | Killed Natasha
  2648 | D:3      | Reached XP level 6. HP: 53/53 MP: 6/6
  2936 | D:3      | Reached skill level 5 in Fighting
  2936 | D:3      | Reached skill level 6 in Axes
  3021 | D:3      | Noticed Sigmund
  3022 | D:3      | Noticed Grinder
  3161 | D:3      | Found a basalt altar of Yredelemnul.
  3452 | D:3      | Paralysed by Grinder for 2 turns
  3457 | D:3      | Paralysed by Grinder for 6 turns
  3475 | D:3      | Killed Grinder
  3475 | D:3      | Reached XP level 7. HP: 16/61 MP: 7/7
  3743 | D:3      | Killed Sigmund
  3743 | D:3      | Reached skill level 7 in Axes
  3743 | D:3      | Reached skill level 5 in Armour
  3743 | D:3      | Reached skill level 5 in Shields
  3869 | D:3      | Found a runed door.
  3873 | D:3      | Noticed Crazy Yiuf
  3878 | D:3      | Killed Crazy Yiuf
  4125 | D:4      | Reached XP level 8. HP: 70/70 MP: 8/8
  4192 | D:4      | Reached skill level 8 in Axes
  4407 | D:4      | Found a staircase to the Ecumenical Temple.
  4648 | Temple   | Entered the Ecumenical Temple
  4753 | Temple   | Became a worshipper of Warmaster Okawaru
  4919 | D:5      | Entered Level 5 of the Dungeon
  4929 | D:5      | Noticed Eustachio
  5199 | D:4      | Killed Eustachio
  5199 | D:4      | Reached skill level 1 in Invocations
  5329 | D:5      | Reached skill level 1 in Evocations
  5496 | D:5      | Reached skill level 9 in Axes
  5518 | D:5      | Reached * piety under Okawaru
  5727 | D:5      | Reached XP level 9. HP: 78/78 MP: 10/10
  5927 | D:5      | Found a glowing golden altar of the Shining One.
  6367 | D:6      | Found a burning altar of Makhleb.
  6499 | D:6      | Found a white marble altar of Elyvilon.
  6732 | D:7      | Reached skill level 10 in Axes
  6766 | D:7      | Noticed a hellwing
  6771 | D:7      | Reached ** piety under Okawaru
  6786 | D:7      | Noticed a hellwing
  7141 | D:7      | Noticed Soeti's ghost (novice VSFi)
  7153 | D:7      | Killed Soeti's ghost
  7153 | D:7      | Reached XP level 10. HP: 81/88 MP: 11/13
  7182 | D:7      | Reached skill level 5 in Invocations
  7200 | D:7      | Reached skill level 11 in Axes
  7515 | D:7      | Reached *** piety under Okawaru
  8462 | D:8      | Noticed Autsider's ghost (novice DrCj)
  8478 | D:8      | Killed Autsider's ghost
  8478 | D:8      | Reached **** piety under Okawaru
  8478 | D:8      | Reached skill level 12 in Axes
  8503 | D:8      | Noticed a two-headed ogre
  8510 | D:8      | Killed a two-headed ogre
  8510 | D:8      | Reached skill level 5 in Evocations
  8510 | D:8      | Reached XP level 11. HP: 81/95 MP: 15/15
  8806 | D:9      | Found a deep blue altar of Sif Muna.
  8836 | D:9      | Found a sacrificial altar of Ru.
  8838 | D:9      | Found a shattered altar of Ashenzari.
  8931 | D:9      | Found a shadowy altar of Dithmenos.
  9345 | D:9      | Noticed a two-headed ogre
  9361 | D:9      | Killed a two-headed ogre
  9361 | D:9      | Reached ***** piety under Okawaru
 10221 | D:10     | Entered Level 10 of the Dungeon
 10471 | D:10     | Noticed Nergalle
 10485 | D:10     | Killed Nergalle
 10521 | D:10     | Noticed a two-headed ogre
 10530 | D:10     | Killed a two-headed ogre
 10530 | D:10     | Reached skill level 13 in Axes
 10587 | D:10     | Received a gift from Okawaru
 10614 | D:10     | Noticed Urug
 10638 | D:10     | Killed Urug
 11175 | D:10     | Noticed Grum
 11195 | D:10     | Killed Grum
 11703 | D:11     | Noticed a four-headed hydra
 11705 | D:11     | Noticed a purple ugly thing
 11731 | D:11     | Found a staircase to the Orcish Mines.
 11737 | D:11     | Got a transparent gossamer ring
 11896 | D:11     | Noticed Fannar
 11921 | D:11     | Killed Fannar
 11921 | D:11     | Reached XP level 12. HP: 90/106 MP: 18/18
 12007 | D:11     | Noticed a death yak
 12040 | D:11     | Killed a death yak
 12072 | D:11     | Noticed a death yak
 12076 | D:11     | Noticed a death yak
 12076 | D:11     | Reached skill level 10 in Fighting
 12103 | D:11     | Killed a death yak
 12103 | D:11     | Reached skill level 14 in Axes
 12117 | D:11     | Killed a death yak
 12302 | D:11     | Noticed a death yak
 12303 | D:11     | Noticed a death yak
 12328 | D:11     | Noticed a death yak
 12342 | D:11     | Killed a death yak
 12352 | D:11     | Killed a death yak
 12355 | D:11     | Killed a death yak
 12355 | D:11     | Received a gift from Okawaru
 12743 | D:11     | Found a staircase to the Lair.
 12777 | D:11     | Killed a four-headed hydra
 13412 | Lair:1   | Entered Level 1 of the Lair of Beasts
 13462 | Lair:1   | Identified the ring "Durobi" {+Blink rF- MR+ Stlth+} (You found it on level 11 of the Dungeon)
 13477 | Lair:1   | Reached skill level 15 in Axes
 14156 | Lair:2   | Reached skill level 10 in Armour
 14158 | Lair:2   | Received a gift from Okawaru
 14366 | Lair:2   | Reached XP level 13. HP: 96/115 MP: 20/20
 14586 | Lair:2   | Reached skill level 10 in Invocations
 15832 | Lair:2   | Got a bound wooden ring
 15965 | Lair:2   | Identified the ring of Yfafrex {Ice rElec rPois MP+9 Stlth-} (You found it on level 2 of the Lair of Beasts)
 16196 | Lair:3   | Reached skill level 16 in Axes
 17698 | Lair:4   | Received a gift from Okawaru
 17702 | Lair:4   | Got a bloodstained broad axe {god gift}
 17703 | Lair:4   | Identified the +1 broad axe "Eviscerator" {chop, +Fly rPois} (Okawaru gifted it to you on level 4 of the Lair of Beasts)
 18047 | Lair:4   | Reached XP level 14. HP: 98/125 MP: 22/22
 18364 | Lair:4   | Found a staircase to the Snake Pit.
 18473 | Lair:4   | Found a staircase to the Swamp.
 18556 | Lair:4   | Reached skill level 17 in Axes
 19640 | Lair:5   | Found a staircase to the Slime Pits.
 20086 | Lair:6   | Entered Level 6 of the Lair of Beasts
 20178 | Lair:6   | Received a gift from Okawaru
 20844 | Lair:6   | Found a dark tunnel.
 20853 | Volcano  | Entered a volcano
 21625 | Lair:6   | Killed from afar by a lindwurm

Vault maps used:
D:1:      mushboom_english_gardens, roderic_roman_lattice
D:2:      minmay_diamond_boxcup, tgw_trog, uniq_natasha
D:3:      kennysheep_big_flooded_room, yredelemnul_forgotten_temple_becter,
          first_bread, uniq_crazy_yiuf_cottage, uniq_grinder, uniq_sigmund
D:4:      minmay_temple_entry_nine_rooms, eino_small_chamber_without_monster
D:5:      nicolae_overflow_crystal_walls, uniq_eustachio
D:6:      makhleb_heckhound_becter, marbit_many_paths
D:7:      cheibrodos_grave_circle, the_bakery
D:9:      grunt_temple_overflow_open, nicolae_dithmenos_through_a_glass_darkly
D:10:     kennysheep_spiral_hall, uniq_grum, uniq_nergalle, uniq_urug
D:11:     dpeg_lair_monsters, orc_0_dummy, grunt_decor_fettered, uniq_fannar
Temple:   dshaligram_water_room_temple
Lair:2:   minmay_lair_oklob_chamber, grunt_megastairs_4
Lair:3:   beast_lair_carwin_large_2, serial_bayou_shore_b
Lair:4:   minmay_swamp_entry_reptiles, minmay_snake_entry_six_corridors,
          serial_bayou, serial_bayou_pond_e, serial_bayou_pond_e,
          serial_bayou_lagoon_a, serial_bayou_pond_a, serial_bayou_pond_e,
          serial_bayou_lake_a, infiniplex_staircase_pool_2
Lair:5:   slime_dummy, nicolae_quartered_pool_little, serial_bayou_shore_b,
          grunt_megastairs_5, lemuel_fruit_tree
Lair:6:   grunt_lair_end_beastmaster, nicolae_volcano_entry_vermiform,
          grunt_megastairs_1
Volcano:  volcano_aerie

Skill      XL: |  1  2  3  4  5  6  7  8  9 10 11 12 13 14 |
---------------+-------------------------------------------+-----
Axes           | 3 4 5 6 7 9 10 12 13 15 16 17 | 17.6
Fighting       | 4 5 6 7 8 9 10 11 12 | 12.4
Shields        | 4 5 6 7 8 |  8.7
Armour         | 4 5 6 7 8 9 10 11 | 11.5
Invocations    | 2 4 6 8 9 11 | 11.9
Evocations     | 1 3 5 6 7 8 9 |  9.3

Action                   |  1- 3 |  4- 6 |  7- 9 | 10-12 | 13-15 || total
-------------------------+-------+-------+-------+-------+-------++-------
Melee: War axe           |   143 |   211 |   413 |   394 |       ||  1161
       Battleaxe         |       |       |       |   303 |   244 ||   547
       Broad axe         |       |       |       |       |   298 ||   298
       Punch             |       |       |       |       |     2 ||     2
Invok: Heroism           |       |       |     3 |    19 |    16 ||    38
       Finesse           |       |       |       |     1 |       ||     1
Evoke: Wand              |       |     5 |     7 |     9 |    16 ||    37
  Use: Potion            |       |     1 |       |     2 |     1 ||     4
       Scroll            |       |     5 |    11 |     9 |    10 ||    35
 Stab: Confused          |       |     2 |     1 |       |       ||     3
  Eat: Chunk             |     1 |     7 |    12 |    24 |    17 ||    61
       Fruit             |       |       |     2 |     3 |       ||     5
       Bread ration      |       |       |       |       |     1 ||     1
Armor: Scale mail        |    66 |    93 |   159 |   289 |   271 ||   878
       Skin              |       |    12 |       |       |       ||    12
Dodge: Dodged            |    48 |    74 |   112 |   217 |   227 ||   678
Block: Shield            |    76 |   112 |   207 |   235 |       ||   630
       Reflection        |       |       |       |     2 |     1 ||     3
       Other             |       |       |       |    31 |    61 ||    92

Table legend:
 A = Spawn XP
 B = Non-spawn XP
 C = Spawn XP percentage of total XP
 D = Spawn monster count
 E = Non-spawn monster count
 F = Spawn count percentage of total count
 G = Total turns spent on level
                    A         B        C        D         E        F      G
               +---------+---------+-------+---------+---------+-------+---------
         Total |       0 |   71834 |   0.0 |       0 |     500 |   0.0 | 21625
               +---------+---------+-------+---------+---------+-------+---------
           D:1 |       0 |     109 |   0.0 |       0 |      27 |   0.0 |  1068
           D:2 |       0 |     154 |   0.0 |       0 |      44 |   0.0 |  1489
           D:3 |       0 |     804 |   0.0 |       0 |      35 |   0.0 |  1367
           D:4 |       0 |     722 |   0.0 |       0 |      14 |   0.0 |  1112
           D:5 |       0 |     630 |   0.0 |       0 |      23 |   0.0 |   903
           D:6 |       0 |    1147 |   0.0 |       0 |      21 |   0.0 |   849
           D:7 |       0 |    4340 |   0.0 |       0 |      50 |   0.0 |  1140
           D:8 |       0 |    2481 |   0.0 |       0 |      14 |   0.0 |   752
           D:9 |       0 |    2450 |   0.0 |       0 |      33 |   0.0 |  1419
          D:10 |       0 |    4674 |   0.0 |       0 |      38 |   0.0 |  1504
          D:11 |       0 |   11335 |   0.0 |       0 |      44 |   0.0 |  1687
        Lair:1 |       0 |    1606 |   0.0 |       0 |       8 |   0.0 |   561
        Lair:2 |       0 |    8497 |   0.0 |       0 |      37 |   0.0 |  2075
        Lair:3 |       0 |    9391 |   0.0 |       0 |      34 |   0.0 |  1529
        Lair:4 |       0 |   10176 |   0.0 |       0 |      34 |   0.0 |  1642
        Lair:5 |       0 |    3683 |   0.0 |       0 |      14 |   0.0 |  1192
        Lair:6 |       0 |    6983 |   0.0 |       0 |      20 |   0.0 |   453
       Volcano |       0 |    2652 |   0.0 |       0 |      10 |   0.0 |   761
               +---------+---------+-------+---------+---------+-------+---------
